 Dungeon Crawl Stone Soup version 0.24.0-2-g5b39cebb1c (webtiles) character file.

Game seed: 12256984334411885995, levelgen mode: deterministic

36133 Chiseanne the Nimble (level 13, -1/86 HPs)
             Began as an Octopode Air Elementalist on Oct 29, 2019.
             Was a High Priest of Vehumet.
             Slain by an eight-headed hydra (2 damage)
             ... on level 6 of the Lair of Beasts.
             The game lasted 01:15:20 (33827 turns).

Chiseanne the Nimble (Octopode Air Elementalist)   Turns: 33827, Time: 01:15:21

Health: -1/86      AC:  8    Str:  7    XL:     13   Next: 88%
Magic:  35/35      EV: 20    Int: 21    God:    Vehumet [*****.]
Gold:   1166       SH:  5    Dex: 14    Spells: 2/31 levels left

rFire    . . .     SeeInvis .   a - +3 mace (protect)
rCold    + . .     Gourm    .   I - +0 buckler
rNeg     + . .     Faith    .   (helmet restricted)
rPois    +         Spirit   .   E - amulet of the acrobat
rElec    .         Reflect  .   i - ring of stealth
rCorr    .         Harm     .   B - ring of magical power
MR       .....                  L - ring of protection from cold
Stlth    +++++.....             x - ring of poison resistance
HPRegen  0.24/turn              T - +3 ring of protection
MPRegen  0.24/turn              d - ring "Bimiptaz" {rN+ AC+4}
                                (no ring)
                                (no ring)

@: no status effects
A: almost no armour, stealthy swim, amphibious, 8 rings, constrict 8, camouflage
1, gelatinous body 1
a: Renounce Religion


You were on level 6 of the Lair of Beasts.
You worshipped Vehumet.
Vehumet was extremely pleased with you.
You were not hungry.

You visited 3 branches of the dungeon, and saw 19 of its levels.

You collected 1166 gold pieces.

Inventory:

Hand Weapons
 a - a +3 mace of protection (weapon)
 w - a +4 hunting sling of velocity
 P - a +1 long sword of protection
 Y - a +0 rapier of speed
Missiles
 e - 17 boomerangs
 f - 46 bolts
 h - 93 poisoned darts (quivered)
 y - 68 sling bullets
 N - a throwing net
Armour
 F - a +0 shield
 I - a +0 buckler (worn)
Magical Staves
 q - an uncursed staff of summoning
 D - an uncursed staff of cold
 H - an uncursed staff of conjuration
Jewellery
 d - the ring "Bimiptaz" (on tentacle) {rN+ AC+4}
   (You found it on level 5 of the Lair of Beasts)

   [ring of protection]

   It affects your AC (+4).
   It protects you from negative energy.
 i - a ring of stealth (left tentacle)
 t - an uncursed ring of ice
 x - a ring of poison resistance (on tentacle)
 B - a ring of magical power (right tentacle)
 E - an amulet of the acrobat (around mantle)
 L - a ring of protection from cold (on tentacle)
 T - a +3 ring of protection (on tentacle)
 Z - an uncursed ring of fire
Wands
 c - a wand of acid (6)
 s - a wand of scattershot (6)
 M - a wand of random effects (17)
 W - a wand of enslavement (5)
Scrolls
 m - 4 scrolls of enchant armour
 n - 6 scrolls of remove curse
 A - 3 scrolls of fog
 C - 4 scrolls of teleportation
 J - 2 scrolls of amnesia
 K - 4 scrolls of identify
 O - 2 scrolls of immolation
 R - 5 scrolls of magic mapping
 S - a scroll of blinking
 V - 2 scrolls of fear
Potions
 g - 3 potions of haste
 k - a potion of mutation
 o - 2 potions of berserk rage
 p - a potion of brilliance
 u - 3 potions of curing
 v - a potion of cancellation
 z - 2 potions of ambrosia
 G - a potion of flight
 Q - 2 potions of invisibility
 U - a potion of resistance
 X - a potion of might
Miscellaneous
 l - a sack of spiders
 r - a lamp of fire
Comestibles
 b - 19 rations
 j - 4 chunks of flesh


   Skills:
 - Level 7.5 Fighting
 * Level 10.7 Dodging
 - Level 7.1 Stealth
 - Level 4.3 Shields
 * Level 9.9 Spellcasting
 - Level 10.0 Conjurations
 - Level 8.8 Hexes
 * Level 3.0 Ice Magic
 - Level 8.3 Air Magic


You had 2 spell levels left.
You knew the following spells:

 Your Spells              Type           Power        Failure   Level  Hunger
a - Shock                 Conj/Air       ####         1%          1    None
b - Swiftness             Chrm/Air       ####....     1%          2    None
c - Static Discharge      Conj/Air       #####...     1%          3    None
d - Confuse               Hex            #####...     1%          3    None
e - Lightning Bolt        Conj/Air       #####.....   1%          5    ####...
f - Freezing Cloud        Conj/Ice/Air   #####.....   14%         6    ######.
g - Passwall              Tmut/Erth      ##......     10%         2    None
h - Tukima's Dance        Hex            #####...     1%          3    None
i - Sticky Flame          Conj/Fire      ####....     2%          4    ##.....

Your spell library contained the following spells:

 Spells                   Type           Power        Failure   Level  Hunger
 Corona                   Hex            #####..      1%          1    None
 Freeze                   Ice            ###.         1%          1    None
 Magic Dart               Conj           ####         1%          1    None
 Sandblast                Erth           ##....       1%          1    None
 Ensorcelled Hibernation  Hex/Ice        #####.       1%          2    None
 Searing Ray              Conj           ######       1%          2    None
 Throw Frost              Conj/Ice       #####.       1%          2    None
 Animate Skeleton         Necr           N/A          7%          1    None
 Pain                     Necr           ##..         7%          1    None
 Dazzling Spray           Conj/Hex       ######       1%          3    None
 Stone Arrow              Conj/Erth      ####..       1%          3    None
 Airstrike                Air            #####.....   1%          4    ##.....
 Fulminant Prism          Conj/Hex       ######....   1%          4    ##.....
 Iskenderun's Mystic Bla  Conj           ######..     1%          4    ##.....
 Throw Icicle             Conj/Ice       #####...     1%          4    ##.....
 Force Lance              Conj/Tloc      ####....     2%          4    ##.....
 Ozocubu's Armour         Chrm/Ice       ###.....     11%         3    None
 Recall                   Summ/Tloc      N/A          21%         3    None
 Regeneration             Chrm/Necr      ##........   21%         3    None
 Vampiric Draining        Necr           ##........   21%         3    None
 Summon Mana Viper        Hex/Summ       ####....     30%         5    ####...
 Summon Ice Beast         Ice/Summ       ###.....     34%         4    ##.....
 Lee's Rapid Deconstruct  Erth           ##........   41%         5    ####...
 Animate Dead             Necr           N/A          54%         4    ##.....
 Petrify                  Tmut/Erth      ##......     54%         4    ##.....
 Aura of Abjuration       Summ           ##........   88%         5    ####...
 Summon Demon             Summ           ##........   88%         5    ####...
 Summon Forest            Summ/Tloc      ##........   88%         5    ####...
 Shadow Creatures         Summ           N/A          100%        6    ######.


Dungeon Overview and Level Annotations

Branches:
Dungeon (12/15)            Temple (1/1) D:6            Lair (6/6) D:11
 Shoals (0/4) Lair:3       Spider (0/4) Lair:2          Orc (0/2) D:12
  Slime: Lair:5-6

Altars:
Ashenzari
Cheibriados
Dithmenos
Elyvilon
Fedhas
Gozag
Hepliaklqana
Kikubaaqudgha
Makhleb
Nemelex Xobeh
Okawaru
Qazlal
Ru
Sif Muna
Trog
Uskayaw
Vehumet
Wu Jian
Xom
Yredelemnul
Zin
The Shining One
Beogh
Lugonu

Annotations:
D:8 2 transporters
Lair:2 1 runed translucent door, Mrkan's ghost, journeyman TrMo
Lair:4 exclusion: catoblepas
Lair:5 exclusion: catoblepas


Innate Abilities, Weirdness & Mutations

You cannot wear most types of armour.
You are very stealthy in the water. (Stealth+)
You are amphibious.
You can wear up to eight rings at the same time.
You can use your tentacles to constrict eight enemies at once.
Your skin changes colour to match your surroundings (Stealth+).
Your rubbery body absorbs attacks. (AC +1, EV +1)


Message History

The eight-headed hydra bites you but does no damage.
The eight-headed hydra closely misses you.
The eight-headed hydra completely misses you.
The blink frog blinks!
The spiny frog completely misses you. The blink frog hits you.
The eight-headed hydra bites you but does no damage.
You block the eight-headed hydra's attack.
The eight-headed hydra bites you.
You block the eight-headed hydra's attack.
The eight-headed hydra bites you but does no damage.
The eight-headed hydra completely misses you.
The eight-headed hydra bites you.
* * * LOW HITPOINT WARNING * * *
The eight-headed hydra misses you.
There is a stone staircase leading up, spattered with blood here.
You block the spiny frog's attack. The blink frog barely misses you.
The spiny frog stings you!!
* * * LOW HITPOINT WARNING * * *
The eight-headed hydra bites you.
You die...

#.[.....F.P.
.........P.
...........
.ยง....?...
#.........
.F.......
##F.......
#P@D......
#.FF......
#.F.......
..#P......
... .......
#... .......
#P.. .......
#### .......


You could see an eight-headed hydra, 3 spiny frogs and 3 blink frogs.

Vanquished Creatures
  Josephine (Lair:6)
  3 hydras
  Fannar (Lair:2)
  An orc knight (D:11)
  An orb spider (Lair:2)
  A deep elf mage (D:12)
  3 elephants
  2 cyclopes
  An ugly thing (D:12)
  2 black mambas
  Psyche (D:8)
  A gargoyle (D:10)
  3 komodo dragons
  8 spiny frogs
  3 rime drakes
  A troll (D:12)
  20 blink frogs
  8 hippogriffs
  A shadow (D:12)
  4 wyverns
  A human (D:8)
  3 basilisks
  A fire bat (D:7)
  26 yaks
  4 hogs (D:8)
  A steam dragon (Lair:2)
  A hungry ghost (D:11)
  2 vampire mosquitoes (Lair:5)
  A warg (D:12)
  An acid dragon (D:12)
  6 water moccasins
  11 porcupines
  A sky beast (D:8)
  2 ice beasts
  An eye of draining (D:12)
  14 orc warriors
  A necrophage (D:11)
  5 ogres
  2 black bears
  4 centaurs
  4 wolves (Lair:2)
  2 big kobolds
  14 crocodiles
  20 bullfrogs
  5 scorpions
  5 wights (D:10)
  50 killer bees
  An electric eel (Lair:2)
  3 howler monkeys (D:7)
  3 crimson imps
  4 jellies
  A bullfrog zombie (D:5)
  4 centaur zombies
  11 orc priests
  A centaur skeleton (D:11)
  An iguana (D:8)
  3 hounds
  11 orc wizards
  7 worker ants
  2 hound skeletons
  A worker ant zombie (D:11)
  Robin (D:2)
  2 gnolls (D:10)
  19 adders
  An ooze (D:1)
  2 adder zombies (D:8)
  4 worms
  3 dart slugs (D:1)
  3 leopard geckos
  62 orcs
  9 bats
  3 giant cockroaches
  14 goblins
  12 hobgoblins
  7 jackals
  A quokka (D:8)
  7 frilled lizards
  A jackal skeleton (D:5)
  21 kobolds
  A leopard gecko zombie (D:5)
  A quokka skeleton (D:5)
  8 rats
  6 fungi
  A plant (Lair:2)
496 creatures vanquished.

Vanquished Creatures (collateral kills)
  2 komodo dragons (Lair:2)
  2 blink frogs (Lair:2)
  A sky beast (D:10)
  An ogre (D:10)
  2 orc priests (D:6)
  A gnoll (D:10)
  An orc (D:6)
10 creatures vanquished.

Vanquished Creatures (others)
  A wyvern (Lair:6)
  A gnoll sergeant (D:10)
  An orc priest (D:7)
  A gnoll (D:10)
  71 fungi
  38 plants
  2 withered plants (Lair:2)
115 creatures vanquished.

Grand Total: 621 creatures vanquished

Notes
Turn   | Place    | Note
-------+----------+-------------------------------------------
     0 | D:1      | Chiseanne the Octopode Air Elementalist began the quest for
                  | the Orb.
     0 | D:1      | Reached XP level 1. HP: 11/11 MP: 3/3
   493 | D:1      | Reached XP level 2. HP: 18/18 MP: 0/5
   912 | D:1      | Reached XP level 3. HP: 22/22 MP: 0/6
  1456 | D:1      | Reached skill level 1 in Fighting
  1821 | D:1      | Learned a level 2 spell: Swiftness
  1825 | D:1      | Learned a level 3 spell: Static Discharge
  1903 | D:2      | Noticed Robin
  2168 | D:2      | Reached XP level 4. HP: 16/28 MP: 0/7
  2934 | D:2      | Found a stormy altar of Qazlal.
  3742 | D:2      | Killed Robin
  3742 | D:2      | Reached XP level 5. HP: 33/33 MP: 2/8
  4617 | D:3      | Found a sacrificial altar of Ru.
  5151 | D:4      | Noticed Ijyb
  5152 | D:4      | Noticed Ijyb
  5152 | D:4      | Ijyb changed into Ijyb the adder
  5158 | D:4      | Killed Ijyb the adder
  5573 | D:4      | Reached XP level 6. HP: 35/39 MP: 2/10
  5685 | D:5      | Entered Level 5 of the Dungeon
  5828 | D:5      | Noticed Eustachio
  5831 | D:5      | Noticed Eustachio
  5831 | D:5      | Eustachio changed into Eustachio the worm
  5839 | D:5      | Killed Eustachio the worm
  6905 | D:5      | Reached XP level 7. HP: 28/45 MP: 11/11
  6909 | D:5      | Reached skill level 5 in Stealth
  8641 | D:6      | Found a staircase to the Ecumenical Temple.
  8686 | Temple   | Entered the Ecumenical Temple
  8794 | Temple   | Became a worshipper of Vehumet
  8955 | D:6      | Reached XP level 8. HP: 41/52 MP: 10/13
  9538 | D:6      | Found a shadowy altar of Dithmenos.
  9756 | D:6      | Reached skill level 5 in Air Magic
 10034 | D:7      | Noticed a hippogriff
 10105 | D:7      | Killed a hippogriff
 10501 | D:7      | Reached XP level 9. HP: 51/58 MP: 15/15
 10608 | D:7      | Learned a level 3 spell: Confuse
 10947 | D:8      | Reached skill level 5 in Dodging
 11281 | D:8      | Reached * piety under Vehumet
 11281 | D:8      | Offered knowledge of Sandblast by Vehumet.
 11281 | D:8      | Reached skill level 1 in Hexes
 11344 | D:8      | Noticed a white ugly thing
 11349 | D:8      | Noticed a green ugly thing
 11350 | D:8      | Noticed an ancient zyme
 11350 | D:8      | Noticed a purple ugly thing
 11352 | D:8      | Found a corrupted altar of Lugonu.
 11355 | D:8      | Noticed a large abomination
 11767 | D:8      | Reached skill level 5 in Conjurations
 11811 | D:8      | Reached skill level 5 in Spellcasting
 11821 | D:8      | Reached skill level 5 in Fighting
 12075 | D:8      | Reached XP level 10. HP: 37/66 MP: 18/18
 12340 | D:8      | Noticed Psyche
 12348 | D:8      | Killed Psyche
 12348 | D:8      | Offered knowledge of Freeze by Vehumet.
 12490 | D:8      | Found a transporter.
 12493 | D:8      | Found a transporter.
 13672 | D:9      | Noticed a four-headed hydra
 13685 | D:10     | Entered Level 10 of the Dungeon
 13705 | D:10     | Reached ** piety under Vehumet
 14075 | D:10     | Found an iron altar of Okawaru.
 14234 | D:10     | Noticed a gargoyle
 14930 | D:10     | Offered knowledge of Stone Arrow by Vehumet.
 15273 | D:10     | Reached skill level 1 in Shields
 15286 | D:10     | Killed a gargoyle
 15758 | D:11     | Reached XP level 11. HP: 33/72 MP: 20/20
 16007 | D:11     | Noticed a cyclops
 16024 | D:11     | Killed a cyclops
 16024 | D:11     | Reached *** piety under Vehumet
 16533 | D:11     | Learned a level 5 spell: Lightning Bolt
 16538 | D:11     | Learned a level 4 spell: Throw Icicle
 16541 | D:11     | Learned a level 2 spell: Passwall
 16772 | D:11     | Offered knowledge of Iskenderun's Mystic Blast by Vehumet.
 17272 | D:11     | Found a staircase to the Lair.
 17347 | D:11     | Noticed an orc knight
 17402 | D:11     | Reached skill level 5 in Hexes
 17587 | D:11     | Reached **** piety under Vehumet
 18562 | D:11     | Found a roughly hewn altar of Beogh.
 18567 | D:11     | Killed an orc knight
 18577 | D:11     | Offered knowledge of Olgreb's Toxic Radiance by Vehumet.
 19478 | D:12     | Found a staircase to the Orcish Mines.
 19826 | D:12     | Noticed a cyan ugly thing
 20342 | D:12     | Noticed a cyclops
 20381 | D:12     | Killed a cyclops
 20474 | D:12     | Noticed a deep elf mage
 20492 | D:12     | Killed a deep elf mage
 20768 | D:12     | Killed a cyan ugly thing
 20768 | D:12     | Reached XP level 12. HP: 80/80 MP: 2/22
 20903 | D:12     | Learned a level 3 spell: Tukima's Dance
 21403 | Lair:1   | Entered Level 1 of the Lair of Beasts
 22915 | Lair:2   | HP: 2/80 [blink frog (11)]
 23456 | Lair:2   | Noticed Fannar
 23594 | Lair:2   | Killed Fannar
 23900 | Lair:2   | Found a hole to the Spider Nest.
 24258 | Lair:2   | Reached ***** piety under Vehumet
 24976 | Lair:2   | Found a runed translucent door.
 24976 | Lair:2   | Noticed Mrkan's ghost (journeyman TrMo)
 25830 | Lair:3   | Offered knowledge of Sticky Flame by Vehumet.
 25836 | Lair:3   | Learned a level 4 spell: Sticky Flame
 26240 | Lair:3   | Noticed a five-headed hydra
 26253 | Lair:3   | Killed a five-headed hydra
 26495 | Lair:3   | Reached XP level 13. HP: 81/86 MP: 11/25
 27590 | Lair:3   | Found a staircase to the Shoals.
 30003 | Lair:4   | Reached skill level 10 in Dodging
 30517 | Lair:4   | Reached skill level 10 in Conjurations
 30694 | Lair:4   | Offered knowledge of Freezing Cloud by Vehumet.
 31132 | Lair:4   | Learned a level 6 spell: Freezing Cloud
 31725 | Lair:5   | Reached skill level 1 in Ice Magic
 32531 | Lair:5   | Got a pitted turquoise ring
 32570 | Lair:5   | Identified the ring "Bimiptaz" {rN+ AC+4} (You found it on
                  | level 5 of the Lair of Beasts)
 32859 | Lair:6   | Entered Level 6 of the Lair of Beasts
 32859 | Lair:6   | Noticed Josephine
 32864 | Lair:6   | Killed Josephine
 33827 | Lair:6   | HP: 1/86 [spiny frog (22)]
 33827 | Lair:6   | Slain by an eight-headed hydra

Levels and vault maps discovered:
D:1:      kennysheep_arrival_seaside, layout_basic
D:2:      layout_loops_corners, minivault_23, nicolae_qazlal_eye_of_the_storm,
          uniq_robin
D:3:      layout_rooms, nicolae_ru_great_annihilating_truth
D:4:      cheibrodos_quashed, layout_basic, uniq_ijyb
D:5:      layout_gridville, first_ration, minmay_increasing_density,
          uniq_eustachio
D:6:      layout_basic, marbit_many_paths, minmay_temple_entry_tees
D:7:      layout_cave_pools
D:8:      gammafunk_corrupted_shrine, layout_basic,
          chequers_serial_rivers_large_a, grunt_livestock, uniq_psyche
D:9:      layout_big_octagon, lemuel_altar_in_water, uniq_prince_ribbit1
D:10:     layout_basic, basic_altar
D:11:     layout_roguey [special_room_orc], due_lair_maze_entry_diamond
D:12:     layout_irregular_city, erik_orc_3, serial_rivers,
          chequers_serial_rivers_small_3, chequers_serial_rivers_micro_c,
          chequers_serial_rivers_micro_b, chequers_serial_rivers_micro_e,
          chequers_serial_rivers_micro_e
Temple:   kilobyte_greek_temple
Lair:1:   layout_chaotic_city
Lair:2:   layout_cave_pods, nicolae_spider_entry_orb_guardian,
          gammafunk_ghost_grave, st_stairs_4, beast_lair_carwin_7,
          infiniplex_staircase_pool, uniq_fannar
Lair:3:   wad_woods_minihive, layout_chaotic_city, minmay_shoals_entry_hut
Lair:4:   layout_small_grid
Lair:5:   layout_cave_pods, portal_ice_cave_entry_pillars_1, lemuel_fruit_tree,
          grunt_megastairs_3
Lair:6:   minmay_lair_end_frog_pond, layout_misc_corridors, slime_altar_1,
          wad_woods_road_04, uniq_josephine

Skill      XL: |  1  2  3  4  5  6  7  8  9 10 11 12 13 |
---------------+----------------------------------------+-----
Stealth        | 3 4 5 6 7 |  7.1
Fighting       | 1 2 3 4 5 6 7 |  7.5
Conjurations   | 2 3 4 5 6 7 9 10 | 10.0
Dodging        | 3 4 5 6 7 9 10 | 10.7
Spellcasting   | 3 4 5 6 7 8 9 |  9.9
Air Magic      | 4 5 6 7 8 |  8.3
Hexes          | 2 4 5 7 8 |  8.8
Shields        | 4 |  4.3
Ice Magic      | 3 |  3.0

Action                   |  1- 3 |  4- 6 |  7- 9 | 10-12 | 13-15 || total
-------------------------+-------+-------+-------+-------+-------++-------
Melee: Short sword       |    31 |    14 |       |       |       ||    45
       Constrict         |     9 |    13 |    13 |    52 |    26 ||   113
       Tentacles         |     4 |     8 |    14 |   103 |    36 ||   165
       Unarmed           |       |     5 |       |       |       ||     5
       Mace              |       |    13 |    77 |   493 |   220 ||   803
 Fire: Hunting sling     |       |       |       |    10 |       ||    10
Throw: Dart              |       |       |       |    11 |       ||    11
 Cast: Shock             |    82 |   200 |   199 |   482 |   196 ||  1159
       Swiftness         |       |     1 |     3 |     3 |       ||     7
       Confuse           |       |       |     1 |   148 |    34 ||   183
       Static Discharge  |       |       |       |    12 |    68 ||    80
       Lightning Bolt    |       |       |       |    67 |    22 ||    89
       Throw Icicle      |       |       |       |    14 |    18 ||    32
       Sticky Flame      |       |       |       |     3 |     3 ||     6
       Freezing Cloud    |       |       |       |       |     1 ||     1
Evoke: Wand              |       |     2 |    15 |    23 |       ||    40
       Sack of spiders   |       |       |       |     8 |       ||     8
       Lamp of fire      |       |       |       |     1 |       ||     1
  Use: Scroll            |     1 |    15 |    16 |     4 |     4 ||    40
       Potion            |       |     3 |     2 |     8 |       ||    13
 Stab: Invisible         |       |     2 |       |       |       ||     2
       Sleeping          |       |       |     1 |     4 |     1 ||     6
       Confused          |       |       |       |    31 |     2 ||    33
       Paralysed         |       |       |       |     3 |       ||     3
  Eat: Chunk             |     5 |    10 |    14 |    54 |    17 ||   100
       Ration            |       |     1 |     1 |     3 |     4 ||     9
Armor: Skin              |     4 |     7 |    32 |    99 |    58 ||   200
Dodge: Dodged            |    30 |    52 |   133 |   624 |   387 ||  1226
Block: Buckler           |       |       |       |   121 |   109 ||   230
